Map: Terraços Prion

Players

Seigifried

  • Race: Protoss Protoss
  • League: Master

TheZergLord - Winner!

  • Race: Zerg Zerg
  • League: Master

VOD

Have the link to the VOD?

Description

Time

  • Played on: May 23, 2016, 1:20 p.m.
  • Length: 15:22
Show
View Real Time Build Order
Export as new Build Order

Seigifried Protoss 

Build Orders: Phoenix Opening 

Get SALT Encoding   

  12  0:02  Probe (Chrono Boost)  
  13  0:12  Probe (Chrono Boost)  
  14  0:20  Pylon  
  14  0:23  Probe (Chrono Boost)  
  15  0:38  Probe (Chrono Boost)  
  16  0:43  Gateway  
  16  0:48  Probe (Chrono Boost)  
  17  0:50  Assimilator  
  17  0:59  Probe (Chrono Boost)  
  18  1:10  Probe (Chrono Boost)  
  19  1:20  Probe (Chrono Boost)  
  20  1:31  Probe (Chrono Boost)  
  21  1:34  Cybernetics Core  
  21  1:45  Nexus  
  21  1:49  Pylon  
  21  1:54  Probe (Chrono Boost)  
  21  1:55  Assimilator  
  22  2:05  Probe (Chrono Boost)  
  24  2:15  Probe (Chrono Boost)  
  24  2:18  Warp Gate, Adept  
  26  2:29  Probe (Chrono Boost)  
  26  2:37  Gateway  
  26  2:38  Gateway  
  26  2:41  Mothership Core (Chrono Boost)  
  28  2:55  Stargate  
  28  3:00  Probe x2 (Chrono Boost)  
  30  3:10  Probe x2 (Chrono Boost)  
  32  3:22  Pylon  
  32  3:25  Probe x2 (Chrono Boost)  
  34  3:35  Probe x2 (Chrono Boost)  
  34  3:39  Phoenix (Chrono Boost)  
  38  3:48  Probe  
  38  3:50  Probe  
  40  3:59  Probe  
  40  4:02  Probe, Assimilator  
  44  4:03  Phoenix (Chrono Boost)  
  44  4:08  Pylon, Twilight Council  
  44  4:09  Probe  
  44  4:14  Pylon  
  43  4:17  Probe  
  43  4:26  Probe  
  43  4:29  Probe  
  45  4:35  Pylon  
  45  4:36  Phoenix (Chrono Boost)  
  47  4:41  Gateway  
  47  4:43  Gateway  
  47  4:45  Gateway  
  47  4:55  Resonating Glaives (Chrono Boost)  
  47  4:57  Phoenix (Chrono Boost)  
  49  5:02  Adept  
  49  5:03  Adept x2  
  49  5:06  Probe  
  55  5:08  Pylon, Probe  
  55  5:13  Gateway, Pylon  
  57  5:18  Gateway  
  57  5:19  Assimilator  
  58  5:25  Phoenix (Chrono Boost)  
  58  5:27  Adept x2  
  63  5:29  Adept  
  65  5:38  Robotics Facility  
  65  5:48  Probe  
  66  5:51  Pylon  
  51  5:57  Phoenix  
  68  6:09  Adept  
  68  6:10  Adept x2  
  68  6:11  Nexus  
  74  6:12  Pylon  
  74  6:20  Pylon  
  74  6:22  Adept, Pylon  
  77  6:32  Phoenix  
  77  6:33  Warp Prism (Chrono Boost)  
  77  6:39  Adept x2  
  84  6:54  Adept x3  
  84  6:55  Adept x2  
  84  6:59  Adept  
  96  7:11  Adept x2  
  100  7:29  Adept x6  
  78  7:50  Adept x3  
  78  7:51  Adept x4  
  76  7:58  Probe x3  
  77  8:07  Templar Archives  
  77  8:09  Adept  
  77  8:10  Probe  
  80  8:13  Sentry x3  
  80  8:14  Adept, Sentry  
  80  8:17  Assimilator  
  80  8:19  Adept  
  88  8:29  Adept  
  88  8:31  Adept  
  92  8:42  Adept x5  
  102  8:49  Psionic Storm, Pylon, Assimilator  
  102  8:53  Probe  
  102  8:54  Probe x2  
  105  9:05  High Templar x2  
  109  9:10  High Templar  
  109  9:15  Probe  
  109  9:16  Probe x2  
  114  9:20  High Templar  
  114  9:21  Pylon  
  116  9:39  Adept  
  116  9:40  Adept x5  
  116  9:43  Observer (Chrono Boost)  
  129  9:53  Adept  
  129  9:56  Pylon  
  131  10:04  Nexus  
  131  10:08  High Templar x2  
  131  10:10  Adept x3  
  141  10:15  Archon  
  141  10:19  Warp Prism (Chrono Boost)  
  141  10:20  High Templar x2  
  147  10:21  Adept  
  147  10:24  Pylon  
  147  10:25  Archon  
  97  11:30  Nexus  
  97  11:31  Pylon  
  86  11:33  Pylon  
  86  11:39  Cybernetics Core  
  83  11:57  Cybernetics Core  
  83  12:02  Pylon  
  83  12:03  Pylon  
  73  12:44  Robotics Facility  
  73  13:06  Pylon  
  54  13:37  Observer (Chrono Boost)  
  53  13:56  Observer (Chrono Boost)  
  53  14:15  Observer (Chrono Boost)  
  54  14:26  Assimilator  
Show
View Real Time Build Order
Export as new Build Order

TheZergLord Zerg - Winner!

Build Orders: Hatch First, Lurkers 

Get SALT Encoding   

  12  0:01  Drone  
  13  0:12  Overlord  
  13  0:17  Drone  
  14  0:31  Drone x2  
  14  0:35  Drone  
  17  0:52  Hatchery  
  17  0:54  Drone  
  17  0:57  Drone  
  18  1:09  Extractor  
  17  1:13  Spawning Pool  
  17  1:17  Drone  
  17  1:19  Drone  
  18  1:28  Drone  
  19  1:39  Overlord  
  19  1:51  Drone  
  20  2:00  Queen, Zergling x2  
  23  2:05  Queen  
  25  2:10  Metabolic Boost  
  25  2:13  Drone  
  25  2:15  Drone  
  27  2:17  Drone  
  28  2:24  Drone  
  28  2:25  Drone  
  30  2:43  Hatchery  
  29  2:44  Drone x3  
  29  2:47  Overlord  
  32  2:54  Drone  
  32  2:57  Drone  
  34  3:05  Drone  
  35  3:06  Queen x2  
  35  3:11  Overlord  
  39  3:13  Drone  
  39  3:14  Drone  
  39  3:17  Drone x2  
  39  3:18  Drone  
  44  3:33  Overlord  
  44  3:34  Zergling x6  
  46  3:36  Drone  
  48  3:43  Drone x3  
  50  3:49  Zergling x2  
  50  3:51  Overlord x2  
  51  4:21  Lair  
  51  4:22  Spore Crawler  
  51  4:24  Queen x2, Spore Crawler  
  50  4:26  Drone, Spore Crawler  
  50  4:28  Drone  
  54  4:37  Drone x13  
  67  4:44  Evolution Chamber  
  66  4:50  Zergling x4  
  66  4:51  Zergling x4  
  69  5:09  Overlord x3  
  69  5:10  Zerg Missile Weapons Level 1  
  69  5:14  Extractor  
  68  5:15  Extractor  
  68  5:17  Extractor, Overlord  
  68  5:19  Zergling x2, Extractor  
  68  5:20  Zergling x14  
  73  5:30  Drone x2  
  73  5:35  Drone x5, Extractor  
  79  5:36  Drone x2  
  81  5:46  Hydralisk Den  
  80  5:51  Zergling x4  
  80  5:52  Zergling x6  
  85  6:05  Drone x2  
  85  6:06  Drone x2  
  89  6:13  Drone  
  89  6:15  Drone  
  91  6:18  Zergling x2  
  91  6:19  Zergling x14  
  91  6:22  Muscular Augments  
  91  6:23  Pneumatized Carapace  
  99  6:28  Hatchery  
  98  6:38  Overlord  
  98  6:39  Overlord  
  98  6:42  Overlord  
  98  6:43  Hydralisk x2  
  98  6:44  Hydralisk x2  
  106  6:50  Overlord x4  
  106  7:03  Hydralisk x4  
  106  7:05  Zerg Missile Weapons Level 2  
  113  7:12  Drone, Hydralisk  
  113  7:13  Hydralisk x7  
  113  7:14  Evolution Chamber  
  129  7:21  Hydralisk x3  
  135  7:28  Hydralisk x4  
  141  7:37  Hydralisk  
  123  7:41  Hydralisk x2  
  123  7:42  Hydralisk x3  
  123  7:43  Hydralisk  
  120  7:57  Queen  
  120  7:58  Lurker Den  
  122  8:00  Zerg Melee Weapons Level 1  
  122  8:01  Drone x6  
  122  8:05  Drone x3  
  131  8:16  Zergling x8  
  135  8:26  Hydralisk x4  
  135  8:27  Hydralisk x2  
  121  8:33  Drone x2, Extractor  
  121  8:34  Spore Crawler  
  129  8:35  Extractor  
  129  8:38  Hydralisk x5  
  129  8:39  Hydralisk x2  
  142  8:46  Hydralisk x2  
  146  8:50  Hydralisk  
  146  8:53  Overlord x5  
  148  8:59  Zergling x6  
  148  9:02  Overlord x3  
  151  9:06  Hatchery  
  150  9:12  Zergling x6  
  150  9:13  Zergling x10  
  159  9:24  Zergling x12  
  159  9:25  Zergling x2  
  159  9:27  Lurker x7  
  172  9:36  Lurker x2  
  174  9:48  Zergling x8  
  174  9:49  Zergling x16  
  186  9:55  Lurker x3  
  186  9:56  Lurker  
  190  10:04  Zerg Melee Weapons Level 2  
  188  10:09  Zergling x18  
  188  10:10  Zergling x2  
  197  10:17  Spire  
  172  10:50  Hydralisk x10  
  172  10:51  Hydralisk x4  
  200  11:09  Spire  
  193  11:28  Hydralisk x3  
  197  12:14  Lurker x3  
  197  12:15  Lurker x6  
  196  12:31  Hydralisk  
  196  12:32  Hydralisk x8  
  196  12:33  Hydralisk x2  
  184  12:40  Hydralisk  
  186  12:47  Extractor x2  
  184  12:55  Hydralisk x5  
  184  12:56  Hydralisk x3  
  200  13:00  Hatchery  
  193  14:34  Hydralisk x2  
  193  14:35  Hydralisk x4  
  193  15:09  Hatchery  
Tags
 
Add a new tag
Caveats
  • Supply blocks, unpowered buildings, or Contaminate may cause inaccurate times.
  • Supply counts are checked every 10 seconds.